Map: Simulacro EE

Players

Shigure

  • Race: Protoss Protoss
  • Spawn Location: 11:00

MrFercho - Winner!

  • Race: Zerg Zerg
  • League: Silver
  • Spawn Location: 5:00

VOD

Have the link to the VOD?

Description

Time

  • Played on: May 26, 2020, 7:01 p.m.
  • Length: 10:58
Show
View Real Time Build Order
Export as new Build Order

Shigure Protoss 

Build Orders:  

Get SALT Encoding   

  12  0:04  Probe  
  13  0:51  Assimilator  
  13  1:52  Pylon  
  13  2:15  Gateway  
  13  3:03  Zealot  
  15  3:18  Probe  
  16  3:30  Probe, Zealot  
  19  3:42  Probe  
  20  3:54  Probe  
  21  3:58  Zealot  
  23  4:18  Cybernetics Core  
  23  4:32  Pylon  
  23  4:36  Pylon  
  23  4:50  Zealot  
  25  4:53  Nexus  
  25  5:17  Zealot  
  20  5:44  Zealot  
  22  6:11  Zealot  
  24  6:24  Probe  
  25  6:28  Warp Gate  
  25  6:38  Zealot  
  29  7:19  Sentry  
  29  7:45  Stalker  
  31  8:15  Adept  
  31  8:19  Probe  
  34  10:39  Stargate  
  34  10:45  Twilight Council  
  34  10:49  Robotics Facility  
Show
View Real Time Build Order
Export as new Build Order

MrFercho Zerg - Winner!

Build Orders: Pool First 

Get SALT Encoding   

  12  0:01  Drone  
  13  0:13  Overlord  
  13  0:21  Drone  
  13  0:27  Extractor  
  14  0:35  Drone  
  14  0:37  Drone  
  15  0:44  Drone  
  15  0:46  Extractor  
  15  0:50  Overlord  
  15  1:00  Drone  
  16  1:07  Spawning Pool  
  15  1:27  Drone x2  
  17  1:45  Drone  
  17  1:46  Hatchery  
  17  1:53  Metabolic Boost  
  17  2:00  Drone x2  
  19  2:08  Evolution Chamber  
  18  2:11  Drone  
  19  2:15  Drone  
  20  2:23  Drone  
  21  2:33  Queen  
  21  2:36  Zerg Melee Weapons Level 1  
  23  2:38  Zergling x2  
  24  2:49  Drone  
  25  3:00  Zergling x2  
  25  3:01  Zergling x2  
  27  3:15  Zergling x4  
  29  3:25  Zergling x4  
  31  3:35  Zergling x4  
  33  3:44  Zergling x6  
  33  3:45  Overlord x2  
  36  3:59  Lair  
  36  4:11  Zergling x8  
  40  4:29  Zergling x4  
  40  4:30  Zergling x10, Spore Crawler  
  46  4:42  Zerg Ground Armor Level 1  
  46  4:50  Zergling x2  
  46  4:51  Zergling x4  
  49  4:57  Overlord  
  49  4:58  Overlord  
  49  5:06  Evolution Chamber  
  47  6:01  Infestation Pit  
  46  6:18  Drone x7  
  53  6:43  Infestor  
  53  6:44  Infestor  
  57  7:03  Hatchery  
  56  7:32  Baneling Nest  
  55  7:49  Drone x6  
  61  8:39  Neural Parasite  
  61  8:55  Extractor, Overlord x2  
  61  8:56  Extractor, Overlord x3  
  61  8:57  Overlord x3  
  61  8:59  Overlord x4  
  59  9:06  Drone  
  59  9:07  Drone x2  
  59  9:08  Queen  
  64  9:14  Hive  
  64  9:25  Hydralisk Den  
  63  9:44  Burrow  
  63  9:58  Pathogen Glands  
  63  10:07  Drone x3  
Tags
 
League
Silver
Matchup
PvZ
Opening
Pool First
Replay Pack
MrFercho
Spawn Locations
Cross Positions
Add a new tag
Caveats
  • Supply blocks, unpowered buildings, or Contaminate may cause inaccurate times.
  • Supply counts are checked every 10 seconds.